Cogmind - Beta 15 @@@ ROGUE MODE // 2025.09.02 @ 22:18:17 Player: Gumbus Result: Self-destructed Performance ------------- Evolutions (2) 1000 Regions Visited (5) 1000 Robots Destroyed (38) 190 Value Destroyed (1071) 1071 Prototype IDs (1) 20 Alien Tech Used (0) 0 Bonus (0) 0 TOTAL SCORE: 3281 Bonus ------- None Cogmind --------- Core Integrity 195/550 Matter 300/300 Energy 100/100 System Corruption 17% Temperature Cool (30) Movement Core (50) Location -8/Materials Parts ------- > --- POWER (2) -------- (None) > --- PROPULSION (3) --- (None) > --- UTILITY (3) ------ (None) > --- WEAPON (3) ------- (None) > --- INVENTORY (5) ---- Cooling System Large Matter Pod (150) Hardlight Generator Peak State ------------ > --- POWER ------------ Ion Engine Improved Ion Engine > --- PROPULSION ------- Aluminum Leg Aluminum Leg > --- UTILITY ---------- Weight Redist. System Core Shielding Splice Drone Bay > --- WEAPON ----------- Heavy Hammer Heavy Hammer Heavy Hammer > --- INVENTORY -------- Improved Heat Sink Cooling System Large Matter Pod Core Shielding Hardlight Generator [Rating: 22] Favorites ----------- Power Ion Engine Engine Ion Engine Propulsion Light Treads Treads Light Treads Leg Aluminum Leg Wheel Wheel Hover Unit Hover Unit Flight Unit Flight Unit Utility Core Shielding Device Weight Redist. System Storage Large Matter Pod Protection Core Shielding Weapon Autogun Energy Gun EM Pulse Gun Energy Cannon EM Pulse Cannon Ballistic Gun Autogun Launcher Grenade Launcher Impact Weapon Heavy Hammer Special Melee Weapon Datajack Build | -11 -10 -10 -9 -9 -8 ------- Run | Yrd Mat Min Mat Min Mat Slots Evolved 4 | . . . 2 . 2 Power 1 | . . . . . 1 Propulsion 1 | . . . 1 . . Utility 1 | . . . 1 . . Weapon 1 | . . . . . 1 Parts Attached 50 | 4 5 . 20 6 15 Power 5 | 1 . . 2 . 2 Engine 5 | 1 . . 2 . 2 Core . | . . . . . . Reactor . | . . . . . . Propulsion 18 | 2 . . 8 3 5 Treads 5 | 2 . . 3 . . Leg 5 | . . . . . 5 Wheel 3 | . . . . 3 . Hover 2 | . . . 2 . . Flight 3 | . . . 3 . . Utility 13 | . 4 . 5 1 3 Device 5 | . . . 1 1 3 Storage 4 | . 3 . 1 . . Processor . | . . . . . . Hackware . | . . . . . . Protection 4 | . 1 . 3 . . Artifact . | . . . . . . Weapon 14 | 1 1 . 5 2 5 Energy Gun 3 | . . . 2 . 1 Energy Cannon 2 | . . . 1 1 . Ballistic Gun 4 | 1 . . 2 1 . Ballistic Cannon . | . . . . . . Launcher 1 | . 1 . . . . Special Weapon . | . . . . . . Impact Weapon 3 | . . . . . 3 Slashing Weapon . | . . . . . . Piercing Weapon . | . . . . . . Special Melee Weapon 1 | . . . . . 1 Unidentified Prototypes 1 | . . . . 1 . Corrupted Parts 2 | . . . . . 2 System Corruption 17 | . . . . . 17 Parts Lost 20 | . . . 4 . 16 Power 3 | . . . . . 3 Propulsion 8 | . . . 2 . 6 Utility 4 | . . . . . 4 Weapon 5 | . . . 2 . 3 Highest Loss Streak 8 | . . . 2 . 8 To Critical Strikes . | . . . . . . Average Backups 4 | 1 4 5 4 4 4 Power . | . 1 1 . 1 . Propulsion . | . . . . . . Utility 2 | . 1 2 3 3 4 Weapon . | 1 2 2 . . . Tool/Special . | . . . . . . Unused Backups 8 | . . . 2 2 4 Power . | . . . . . . Propulsion 2 | . . . . 1 1 Utility 5 | . . . 1 1 3 Weapon 1 | . . . 1 . . Tool/Special . | . . . . . . Average Slot Usage (%) 88 | . 94 100 91 96 65 Engine 12 | . 14 14 11 11 12 Treads 12 | . 28 28 12 . . Leg 1 | . . . . . 6 Wheel 2 | . . . . 12 6 Hover 2 | . . . 5 . . Flight 6 | . . . 8 19 . Device 6 | . . . 6 16 11 Storage 5 | . 12 14 4 . . Protection 17 | . 12 14 21 15 13 Energy Gun 3 | . . . 8 . . Energy Cannon 1 | . . . . 7 2 Ballistic Gun 10 | . 14 14 10 14 2 Launcher 3 | . 12 14 1 . . Impact Weapon 1 | . . . . . 8 Peak Build Rating 22 | 4 7 7 13 20 22 Average Rating 10 | 2 6 7 10 16 14 On Entrance 7 | . 4 7 7 13 14 Naked Turns 2 | . . . . . 2 Heaviest Build 92 | 7 16 16 92 25 28 Greatest Support 66 | 40 40 40 66 36 39 Greatest Overweight (x) 2 | . . . 2 1 1 Average Overweight (x) . | . . . . . . Largest Inventory Capacity 25 | 5 25 5 25 5 5 Average Capacity 6 | 5 5 5 7 5 5 Most Carried 6 | 4 5 5 6 5 5 Average Carried 4 | 1 4 5 4 4 4 Final Capacity 5 | 5 5 5 5 5 5 Final Carried 5 | 3 5 5 5 4 3 Class Distribution -------------------- 72% | Mutant 27% | Scavenger-Mutant Dominant Class ---------------- Mutant | -10/Materials Mutant | -10/Mines Mutant | -9/Materials Scavenger-Mutant | -9/Mines Mutant | -8/Materials Resources | -11 -10 -10 -9 -9 -8 ----------- Run | Yrd Mat Min Mat Min Mat Matter Collected 1269 | 48 214 . 530 297 180 Remotely . | . . . . . . Salvage Created 1275 | . 2 . 433 267 573 Parts 77 | . . . 37 27 13 Haulers Intercepted . | . . . . . . Recyclers Shooed 1 | . . . . 1 . Parts Field Recycled . | . . . . . . Retrieved Matter . | . . . . . . Parts Self-Destructed . | . . . . . . Prevented . | . . . . . . Kills | -11 -10 -10 -9 -9 -8 ------- Run | Yrd Mat Min Mat Min Mat Combat Hostiles Destroyed 28 | . . . 12 5 11 Melee 1 | . . . . . 1 Guns 16 | . . . 11 1 4 Cannons 4 | . . . . 4 . AOE 1 | . . . 1 . . Classes Destroyed 8 | . 1 . 3 3 1 Worker 5 | . . . . 4 1 Builder 1 | . . . . 1 . Recycler 1 | . . . . 1 . Watcher 3 | . 1 . 2 . . Swarmer 10 | . . . 6 4 . Grunt 13 | . . . 2 1 10 Brawler 1 | . . . . . 1 Sentry 4 | . . . 4 . . Best Kill Streak 6 | . 1 . 5 4 6 Combat Bots Only 7 | . . . 5 4 7 Max Kills in Single Turn 2 | . 1 . 1 2 1 Gunslinging . | . . . . . . Exploded 1 | . . . 1 . . Melee 1 | . . . . . 1 Uniques/NPCs Destroyed . | . . . . . . Combat | -11 -10 -10 -9 -9 -8 -------- Run | Yrd Mat Min Mat Min Mat Hostile Shots Fired 261 | . . . 89 31 141 Missed 71 | . . . 25 6 40 Hits 190 | . . . 64 25 101 Projectile 190 | . . . 64 25 101 AOE 1 | . . . 1 . . Critical Strikes 5 | . . . 1 1 3 Damage Taken 2791 | . 115 . 760 224 1692 Core 485 | . . . 94 36 355 Absorbed by Shields 32 | . . . . . 32 Redirected to Shielding 81 | . . . 16 7 58 Regen/Repaired (Parts) 65 | . . . 65 . . Core Remaining (%) 89 | 100 . 100 . 67 . Volleys Fired 83 | . 4 . 43 18 18 Largest 2 | . 2 . 2 2 2 Hottest 96 | . 50 . 96 86 83 Shots Fired 149 | . 5 . 81 36 27 Gun 126 | . 3 . 80 26 17 Cannon 20 | . . . . 10 10 Launcher 3 | . 2 . 1 . . Special . | . . . . . . Kinetic 101 | . 3 . 62 26 10 Thermal 11 | . . . 4 . 7 Explosive 3 | . 2 . 1 . . Electromagnetic 34 | . . . 14 10 10 Robot Hit Streak 12 | . . . 12 9 10 Robot Miss Streak 6 | . 4 . 6 4 2 Penetration Max . | . . . . . . Secondary Targets 1 | . . . 1 . . Max Gunslinging Chain 1 | . . . 1 . . Shots Hit Robots 111 | . . . 49 17 45 Core Hits 50 | . 1 2 22 11 14 Critical Kills . | . . . . . . Critical Parts Destroyed 4 | . . . . . 4 Critical Strikes 4 | . . . . . 4 Smash 4 | . . . . . 4 Melee Attacks 27 | . . . . . 27 Impact 25 | . . . . . 25 Slashing . | . . . . . . Piercing . | . . . . . . Sneak Attacks 1 | . . . . . 1 Combat Hostiles . | . . . . . . Follow-up Attacks 2 | . . . . . 2 Damage Inflicted 2577 | . 33 8 862 362 1312 Guns 1108 | . . . 725 219 164 Cannons 324 | . . . . 143 181 Explosions 261 | . 33 . 135 . 93 Melee 872 | . . . . . 872 Ramming 12 | . . 8 2 . 2 Kinetic 868 | . . . 576 219 73 Thermal 236 | . . . 52 . 184 Explosive 131 | . 33 . 98 . . Electromagnetic 458 | . . . 134 143 181 Impact 872 | . . . . . 872 Slashing . | . . . . . . Piercing . | . . . . . . Highest Corruption 17 | . . . . . 17 Average Corruption 16 | . . . . . 16 Corruption Purged . | . . . . . . Corruption Blocked . | . . . . . . Effects 12 | . . . . . 12 Message Errors 2 | . . . . . 2 Matter Fused 3 | . . . . . 3 Heat Flow Errors 2 | . . . . . 2 Parts Rejected 1 | . . . . . 1 Data Loss (minor) 2 | . . . . . 2 Misdirections 1 | . . . . . 1 Weapon Failures 1 | . . . . . 1 Overload Shots . | . . . . . . Overflow Damage 358 | . . . 6 . 352 Projectiles . | . . . . . . Explosions 6 | . . . 6 . . Melee 352 | . . . . . 352 Knockbacks 3 | . . . . . 3 Impact 3 | . . . . . 3 Kinetic . | . . . . . . Secondary . | . . . . . . Self-Inflicted Damage 28 | . . . 28 . . Shots 1 | . . . 1 . . Rammed 5 | . . 4 1 . . Targets Rammed 6 | . . 4 1 . 1 Kicked 1 | . . . . . 1 Crushed . | . . . . . . Highest Temperature 264 | . . . 68 104 264 Average Temperature 43 | . . . 12 30 82 Received Heat Transfer 1028 | . . . 162 60 806 Siege Activations . | . . . . . . Martial Activations . | . . . . . . Shielding Activations . | . . . . . . Robots Disrupted 1 | . . . . . 1 Combat Hostiles 1 | . . . . . 1 Robots Corrupted 6 | . . . . . 6 Combat Hostiles 6 | . . . . . 6 Parts Fried 3 | . . . . . 3 Impact Corruptions 11 | . . . . . 11 Robots Melted . | . . . . . . Combat Hostiles . | . . . . . . Parts Melted 2 | . . . . . 2 Heat Transferred 446 | . . . 87 . 359 Parts Sabotaged . | . . . . . . Parts Stolen . | . . . . . . Parts Stripped . | . . . . . . Power Chain Reactions 2 | . . . 1 . 1 Alert | -11 -10 -10 -9 -9 -8 ------- Run | Yrd Mat Min Mat Min Mat Maximum Alert Level 1 | . . . . . 1 Low Security (%) 92 | 100 100 100 100 100 59 Level 1 7 | . . . . . 40 Level 2 . | . . . . . . Level 3 . | . . . . . . Level 4 . | . . . . . . Level 5 . | . . . . . . High Security . | . . . . . . Max Security . | . . . . . . Peak Influence 257 | . 13 . 115 90 257 Initial 37 | . . . . 37 31 Average 49 | . . . 39 27 161 Influence Increases 970 | . 21 . 383 140 426 Destroy 0b10 Robot/C 560 | . . . 240 100 220 Destroy 0b10 Robot/NC 50 | . 5 . 10 30 5 Destroy Leader 106 | . 2 . 74 10 20 Allied During Kill 1 | . . . . . 1 Successful Hack 7 | . . . 7 . . Anti-Garrison Action 150 | . . . . . 150 Destroy Structure 21 | . 14 . 7 . . Partial Spotted 15 | . . . 15 . . Lose Combat Pursuer 60 | . . . 30 . 30 Influence Decreases 833 | . 21 . 285 158 369 Entered New Map 110 | . . . . 61 49 Time Decay 523 | . 21 . 245 97 160 Lost Part 200 | . . . 40 . 160 Squads Dispatched 7 | . . . 4 . 3 Investigation 2 | . . . 2 . . Extermination . | . . . . . . Reinforcement 2 | . . . 2 . . Assault 2 | . . . . . 2 Garrison 1 | . . . . . 1 Intercept . | . . . . . . Searches Triggered . | . . . . . . Construction Impeded . | . . . . . . Haulers Reinforced . | . . . . . . Active Scanning Responses . | . . . . . . Cargo Convoy Interrupts . | . . . . . . Stealth | -11 -10 -10 -9 -9 -8 --------- Run | Yrd Mat Min Mat Min Mat Distress Signals 4 | . . . 4 . . Communications Jammed . | . . . . . . Distress Signals . | . . . . . . Times Spotted 54 | . 2 . 20 6 26 Peak Tracking Total 7 | . 1 . 6 4 7 Tactical Retreats 4 | . . . 2 . 2 Traps | -11 -10 -10 -9 -9 -8 ------- Run | Yrd Mat Min Mat Min Mat Traps Triggered 2 | . 2 . . . . Indirectly . | . . . . . . Trap Hack Attempts . | . . . . . . Triggered . | . . . . . . Disarmed . | . . . . . . Reprogrammed . | . . . . . . Reused . | . . . . . . Traps Extracted . | . . . . . . Installed . | . . . . . . Triggered . | . . . . . . Machines | -11 -10 -10 -9 -9 -8 ---------- Run | Yrd Mat Min Mat Min Mat Machines Disabled 1 | . . . . . 1 Max in Single Turn 1 | . . . . . 1 Garrison Access 1 | . . . . . 1 Machines Repaired . | . . . . . . Machines Dismantled . | . . . . . . Machines Sabotaged . | . . . . . . Overloaded Fab Kills . | . . . . . . Hacking | -11 -10 -10 -9 -9 -8 --------- Run | Yrd Mat Min Mat Min Mat Machines Accessed 5 | . 1 . 3 1 . Terminals 1 | . 1 . . . . Fabricators . | . . . . . . Repair Stations 2 | . . . 2 . . Recycling Units . | . . . . . . Scanalyzers 1 | . . . 1 . . Garrison Access . | . . . . . . Total Hacks 11 | . 2 . 8 1 . Successful 11 | . 2 . 8 1 . Failed . | . . . . . . Catastrophic . | . . . . . . Database Lockouts . | . . . . . . Manual . | . . . . . . Terminals 2 | . 2 . . . . Fabricators . | . . . . . . Repair Stations 6 | . . . 6 . . Recycling Units . | . . . . . . Scanalyzers 2 | . . . 2 . . Garrison Access . | . . . . . . Terminal Hacks 3 | . 2 . . 1 . Record 1 | . 1 . . . . Open Door 1 | . . . . 1 . Alert Level 1 | . 1 . . . . Fabricator Hacks . | . . . . . . Repair Station Hacks 6 | . . . 6 . . Scan Component 3 | . . . 3 . . Repair 3 | . . . 3 . . Recycling Unit Hacks . | . . . . . . Scanalyzer 2 | . . . 2 . . Insert Component 1 | . . . 1 . . Analyze 1 | . . . 1 . . Garrison Access Hacks . | . . . . . . Unauthorized Hacks . | . . . . . . Terminals . | . . . . . . Fabricators . | . . . . . . Repair Stations . | . . . . . . Recycling Units . | . . . . . . Scanalyzers . | . . . . . . Garrison Access . | . . . . . . Data Cores Recovered . | . . . . . . Used . | . . . . . . Hacking Detections 1 | . . . 1 . . Full Trace Events 1 | . . . 1 . . Feedback Events . | . . . . . . Feedback Blocked . | . . . . . . Robot Schematics Acquired . | . . . . . . Robots Built . | . . . . . . Authchips . | . . . . . . Time . | . . . . . . Total Robot Build Rating . | . . . . . . Part Schematics Acquired 1 | . . . 1 . . Parts Built . | . . . . . . Authchips . | . . . . . . Time . | . . . . . . Total Part Build Rating . | . . . . . . Parts Repaired 3 | . . . 3 . . Time 94 | . . . 94 . . Parts Recycled . | . . . . . . Recycled Matter . | . . . . . . Retrieved Matter . | . . . . . . Retrieved Components . | . . . . . . Parts Scanalyzed 1 | . . . 1 . . Part Schematics Acquired 1 | . . . 1 . . Parts Damaged . | . . . . . . Bothacking | -11 -10 -10 -9 -9 -8 ------------ Run | Yrd Mat Min Mat Min Mat Used RIF Installer . | . . . . . . Robots Hacked 1 | . . . . . 1 Non-combat . | . . . . . . Combat 1 | . . . . . 1 Robot Hacks Applied 1 | . . . . . 1 parse_system 1 | . . . . . 1 Relay Couplers Released 2 | . . . . . 2 Machine Destruction 2 | . . . . . 2 Fabnet Peak Effective % . | . . . . . . Robots Rewired . | . . . . . . Allies Hacked . | . . . . . . Hacks Repelled . | . . . . . . Allies | -11 -10 -10 -9 -9 -8 -------- Run | Yrd Mat Min Mat Min Mat Total Allies 1 | . . . . . 1 Largest Group 1 | . . . . . 1 Highest-Rated Group 16 | . . . . . 16 Highest-Rated Ally 16 | . . . . . 16 Total Orders . | . . . . . . Ally Attacks 20 | . . . . 4 16 Total Damage 122 | . . . . 15 107 Kills . | . . . . . . Allies Corrupted . | . . . . . . Allies Melted . | . . . . . . Intel | -11 -10 -10 -9 -9 -8 ------- Run | Yrd Mat Min Mat Min Mat Active Infowar (turns) . | . . . . . . Robot Analysis Total . | . . . . . . Derelict Logs Recovered 1 | . . . . 1 . Drone Launches 16 | . . . . 4 12 Drone Recoveries 14 | . . . . 4 10 Exploration | -11 -10 -10 -9 -9 -8 ------------- Run | Yrd Mat Min Mat Min Mat Turns Passed 1882 | 65 270 168 839 209 331 Spaces Moved 1252 | 38 155 102 636 162 159 Core 49 | 5 . . . . 44 Treads 449 | 33 155 102 159 . . Legs 47 | . . . . . 47 Wheels 147 | . . . . 79 68 Hover 263 | . . . 263 . . Flight 297 | . . . 214 83 . Fastest Speed 34 | 50 160 160 34 34 50 Average Speed 102 | 145 160 160 80 84 104 Slowest Speed 320 | 160 160 160 320 114 190 Overloaded Moves . | . . . . . . Propulsion Burnouts . | . . . . . . Robots Hopped 4 | . . . 4 . . Potential Cave-ins . | . . . . . . Cave-ins Triggered . | . . . . . . Exploration Rate (%) 24 | 5 26 32 47 29 10 Regions Visited 5 Branch Regions 2 Pre-discovered Areas 1 | . . . . 1 . Known Exits Taken . | . . . . . . Unknown Exits Taken 5 | 1 1 1 1 1 . Scrap Searched . | . . . . . . Spaces Dug . | . . . . . . Terrain Destroyed 20 | . 14 . 6 . . Melee . | . . . . . . Projectile . | . . . . . . AOE 20 | . 14 . 6 . . Terrain Rammed . | . . . . . . Walls Destroyed . | . . . . . . Machines Disabled . | . . . . . . Actions | -11 -10 -10 -9 -9 -8 --------- Run | Yrd Mat Min Mat Min Mat Total 1682 | 48 174 105 891 206 258 Wait 177 | . . . 159 6 12 Move 1239 | 37 154 101 627 161 159 Hop 4 | . . . 4 . . Pick Up 45 | 7 8 . 14 3 13 Fast Attach 19 | . . . 9 4 6 Attach 35 | 4 5 . 11 4 11 Detach 4 | . . . 2 2 . Swap 7 | . . . 6 . 1 Drop 38 | . 3 . 15 8 12 Fire 83 | . 4 . 43 18 18 Melee 25 | . . . . . 25 Ram . | . . . . . . Kick 1 | . . . . . 1 Crush 5 | . . 4 1 . . Escape Stasis . | . . . . . . Rewire . | . . . . . . Trap . | . . . . . . Miscellaneous . | . . . . . . Route ------- -11/Scrapyard -10/Materials -10/Mines -9/Materials -9/Mines -8/Materials (discovered 1 exit: [*Sto]) History --------- Turn | Location | Event 3 | -11/Scrapyard | Discovered new exit (range 15) 66 | -11/Scrapyard | Entered Materials 285 | -10/Materials | Discovered new exit (range 15) 300 | -10/Materials | Build established: Mutant 336 | -10/Materials | Entered Mines 375 | -10/Mines | Discovered new exit (range 15) 504 | -10/Mines | Entered Materials 504 | -9/Materials | Evolved 2 slots: Propulsion x1, Utility x1 801 | -9/Materials | Repaired Corrupted Lgt. Treads 1139 | -9/Materials | Discovered new exit (range 16) 1189 | -9/Materials | Repaired Weight Redist. System 1337 | -9/Materials | Repaired Flight Unit 1343 | -9/Materials | Entered Mines 1346 | -9/Mines | Found the Drone Emporium 1348 | -9/Mines | Found Prototype Device 1348 | -9/Mines | Identified Splice Drone Bay 1499 | -9/Mines | Learned location of Zion (-7) 1519 | -9/Mines | Discovered new exit (range 14) 1552 | -9/Mines | Entered Materials 1552 | -8/Materials | Evolved 2 slots: Power x1, Weapon x1 1553 | -8/Materials | Discovered new exit (range 8) 1605 | -8/Materials | Garrison activated, responded to threat 1633 | -8/Materials | Build established: Scavenger-Mutant 1716 | -8/Materials | System corruption reached 10% 1738 | -8/Materials | Lost 4 parts (2p1n1u) 1791 | -8/Materials | Destroyed 7 combat bots 1799 | -8/Materials | Lost 3 parts (2n1u) 1874 | -8/Materials | Core integrity fell below 50% 1883 | -8/Materials | Self-destructed Last Messages --------------- Right-click on available options for more info. Keyboard players can use Shift-a~z. >>parse_system Reading system data... Jacked G-47 Trooper... System corrupted: Core Shielding rejected. Acquired Med. Laser. Carbon-fiber Leg destroyed. Datajack destroyed. Carbon-fiber Leg destroyed. Core Shielding destroyed. Rnf. Ion Engine destroyed. System corrupted: Med. Laser failed to cycle. PX1X>JMJZNQQL SMTAQGPRLIF 9J069R Adv. Weight Redist. System destroyed. Lgt. Nuclear Core melted. Aluminum Leg melted. G-47 Trooper destroyed. Med. Laser destroyed. Acquired 5 matter. Map ----- +----------------------------------------------------+ | ?????????????????????????????????????????????????? | | ?????????????????????????????????????????????????? | | ?????????????????????????????????????????????????? | | ?????????????????????????????????????????????????? | | ?????????????????????????????????????????????????? | | ?????????????????????????????????????????????????? | | ?????????????????????????????????????????????????? | | ?????????????????????????????????????????????????? | | ?????????????????????????????????????????????????? | | ?????????????????????????????????????????????????? | | ?????????????????????????????????????????????????? | | ?????????????????????????????????????????????????? | | ?????????????????????????????????????????????????? | | ?????????????????????????????????????????????????? | | ?????????????????????????????????????????????????? | | ?????????????????????????????????????????????????? | | ?????????????????????????????????????????????????? | | ?????????????????????????????????????????????????? | | ???????????????????????????#####?????????????????? | | ???????????????????????????"T" #?????????????????? | | ??????????????????????????? #?????? ??????????? | | ??????????????????????????? !## ??? ????????? | | ??????????????????????????? ! ??# ????????? | | ??????????????????????#####+##### ????????? | | ??????????????????????# Y # """ ??????? | | ??????????????????????## @ """ # """ "??????? | | ???????????????????????# """ # """] T?????? | | ???????????????????????# Y """ # ???????? | | ???????????????????????# # ????????? | | ???????????????????????#=== """ #! ?????????? | | ???????????????????????#== """ # #??????????? | | ???????????????????????# """ # ###########? | | ???????????????????????# # ## #? | | ???????????????????????######+### ## % ! #? | | ??????????????????????????# ##%% #? | | ??????????????????????????# %#=== #? | | ??????????????????????????# ==%+%%% #? | | ??????????????????????????# " % //!=!#%=! #? | | ??????????????????????????# " ! // *%#*==/% " #? | | ??????????????????????????# " !# "" #? | | ??????????????????????????# ! %! # %! #? | | ??????????????????????????# ##########? | | ??????????????????????????# #?????????? | | ??????????????????????????# #?????????? | | ??????????????????????????# #?#######?? | | ??????????????????????????# ### #?? | | ????????????????????? =! #?? | | ????????????????????# =! < #?? | | ????????????????????? ! #?? | | ????????????????????#########+########+### #?? | +----------------------------------------------------+ Best States ------------- Heat Dissipation 31 Energy Generation 17 Energy Capacity 415 Matter Stores 340 Matter Capacity 450 Sight Range 16 Terrain Scan Density 10 Additional Mass Support 9 Armor Coverage 150 Core Shielding 20 Evasion (%) 63 Recoil Reduction 3 Item Schematics ----------------- Lgt. Treads | -9/Materials | Scanalyzed Robot Schematics ------------------ None Fabricated ------------ Nothing Repaired ---------- Lgt. Treads | 81% | -9/Materials | Corrupted Weight Redist. System | 9% | -9/Materials Flight Unit | 5% | -9/Materials Alien Tech Used ----------------- None Achievements -------------- Error 47 Factory Defaults Release The Drones! System Compromised Universal Adapter Challenges ------------ None Game ------ Seed RiotOpticalProtomatter Manual? 0 Play Time 00:37:05 Cumulative 3.1 hours Start 2025.09.02 @ 21:32:37 End 2025.09.02 @ 22:18:17 Sessions 1 Manual Loads 0 Difficulty Rogue Special Mode None Game No. 7 Rogue 7 Adventurer 0 Explorer 0 Win Type - Total 0 Types 0/0/0/0/0/0/0/0/0/0 Lore% 0 Gallery% 6 Achievement% 7 Wizard Run 0 Options --------- Layout 1 ASCII 0 Keyboard 0 Movement Mouse Keybinds 0 Fullscreen 1 Font 32/SmallcapsGlow Map View 50x35 Zoom Use 0% Tactical HUD 0 Map Filters NONE Filters NONE Steam 1 RUN: cfcd400b-a1db-400a-8809-6a1775fee6ea